 Dungeon Crawl Stone Soup version 0.23.0 (webtiles) character file.

Game seed: 11717064804749072096

227 lyphon the Conjurer (level 6, -1/37 HPs)
             Began as an Octopode Conjurer on Feb 12, 2019.
             Slain by an ooze (5 damage)
             ... on level 3 of the Dungeon on Feb 14, 2019.
             The game lasted 00:12:13 (3716 turns).

lyphon the Conjurer (Octopode Conjurer)             Turns: 3716, Time: 00:12:14

Health: -1/37      AC:  1    Str:  7    XL:     6   Next: 2%
Magic:  11/11      EV: 13    Int: 19    God:
Gold:   114        SH:  0    Dex: 13    Spells: 6/11 levels left

rFire    . . .     SeeInvis .   u - +2 dagger (freeze)
rCold    . . .     Gourm    .   (no shield)
rNeg     . . .     Faith    .   (helmet restricted)
rPois    .         Spirit   .   (no amulet)
rElec    .         Reflect  .   (no ring)
rCorr    .         Harm     .   (no ring)
MR       .....                  (no ring)
Stlth    +++.......             (no ring)
HPRegen  0.12/turn              (no ring)
MPRegen  0.12/turn              (no ring)
                                (no ring)
                                (no ring)

@: no status effects
A: almost no armour, stealthy swim, amphibious, 8 rings, constrict 8, camouflage
1, gelatinous body 1
a: no special abilities


You were on level 3 of the Dungeon.
You were not hungry.

You visited 1 branch of the dungeon, and saw 3 of its levels.

You collected 114 gold pieces.

Inventory:

Hand Weapons
 c - a +3 dagger
 u - a +2 dagger of freezing (weapon)
Missiles
 k - 48 stones (quivered)
Jewellery
 f - an uncursed ring of ice {unknown}
 g - an uncursed ring of magical power {unknown}
Wands
 l - a wand of disintegration (7)
 p - a wand of acid (10)
 r - a wand of enslavement (4)
Scrolls
 a - 2 scrolls of teleportation {unknown}
 e - a scroll of amnesia {unknown}
 h - a scroll of noise {unknown}
 i - a scroll of fear {unknown}
 m - a scroll of fog {unknown}
 n - a scroll of remove curse {unknown}
 o - a scroll of enchant armour {unknown}
 s - a scroll of identify {unknown}
 t - a scroll of random uselessness {unknown}
Potions
 d - 2 potions of curing
 j - a potion of brilliance {unknown}
 q - 2 potions of flight {unknown}
Comestibles
 b - 5 rations


   Skills:
 + Level 0.5 Fighting
 + Level 0.3 Short Blades
 - Level 2.1 Dodging
 - Level 2.8 Stealth
 + Level 3.4 Spellcasting
 + Level 6.0 Conjurations


You had 6 spell levels left.
You knew the following spells:

 Your Spells              Type           Power        Failure   Level  Hunger
a - Magic Dart            Conj           ####         1%          1    None
b - Iskenderun's Mystic   Conj           ####....     12%         4    ####...

Your spell library contained the following spells:

 Spells                   Type           Power        Failure   Level  Hunger
 Searing Ray              Conj           ####..       1%          2    ##.....
 Dazzling Spray           Conj/Hex       ##....       13%         3    ###....
 Force Lance              Conj/Tloc      ##......     38%         4    ####...
 Fulminant Prism          Conj/Hex       ##........   38%         4    ####...


Dungeon Overview and Level Annotations

Branches:
Dungeon (3/15)

Altars:
Nemelex Xobeh
Uskayaw


Innate Abilities, Weirdness & Mutations

You cannot wear most types of armour.
You are very stealthy in the water. (Stealth+)
You are amphibious.
You can wear up to eight rings at the same time.
You can use your tentacles to constrict eight enemies at once.
Your skin changes colour to match your surroundings (Stealth+).
Your rubbery body absorbs attacks. (AC +1, EV +1)


Message History

The ooze barely misses you. The kobold hits you.
The ooze completely misses you. The kobold closely misses you.
The ooze hits you. The kobold misses you. The ooze hits you.
* * * LOW HITPOINT WARNING * * *
The kobold misses you. The ooze hits you.
* * * LOW HITPOINT WARNING * * *
The kobold barely misses you. The ooze closely misses you.
The kobold misses you. The ooze hits you.
* * * LOW HITPOINT WARNING * * *
The kobold closely misses you. The ooze closely misses you.
The kobold closely misses you. The ooze hits you.
* * * LOW HITPOINT WARNING * * *
The kobold hits you.
* * * LOW HITPOINT WARNING * * *
The ooze hits you.
You die...

. # #.###.
#.....####
#.....J..######
#...K@......#
#.####.####.#
#.#..>.# #.#
#.#....## #.#
#.......# #.#
#.......# #.#
#.......# #.#
#.#...#####.#
#.....(...<>#


You could see an ooze and a kobold.

Vanquished Creatures
  An ogre (D:2)
  A worker ant (D:3)
  4 adders (D:2)
  A gnoll (D:3)
  An ooze (D:2)
  2 dart slugs (D:1)
  5 leopard geckos (D:2)
  2 ball pythons
  4 giant cockroaches
  5 goblins
  9 hobgoblins
  5 kobolds
  2 quokkas
  9 bats
  3 frilled lizards
  5 rats
59 creatures vanquished.

Notes
Turn   | Place    | Note
-------+----------+-------------------------------------------
     0 | D:1      | lyphon the Octopode Conjurer began the quest for the Orb.
     0 | D:1      | Reached XP level 1. HP: 11/11 MP: 3/3
   392 | D:1      | Reached XP level 2. HP: 17/17 MP: 1/5
   661 | D:1      | Found a sparkling altar of Nemelex Xobeh.
  1478 | D:1      | Reached XP level 3. HP: 21/21 MP: 3/6
  2047 | D:1      | Reached skill level 5 in Conjurations
  2426 | D:2      | Reached XP level 4. HP: 26/27 MP: 0/7
  2483 | D:2      | Found a sparkling altar of Nemelex Xobeh.
  2510 | D:2      | Noticed an ogre
  2658 | D:2      | Killed an ogre
  2658 | D:2      | Reached XP level 5. HP: 32/32 MP: 3/9
  2789 | D:2      | Found a hide-covered altar of Uskayaw.
  3327 | D:3      | Reached skill level 6 in Conjurations
  3443 | D:3      | Reached XP level 6. HP: 37/37 MP: 7/11
  3514 | D:2      | Learned a level 4 spell: Iskenderun's Mystic Blast
  3716 | D:3      | Slain by an ooze

Skill      XL: |  1  2  3  4  5 |
---------------+----------------+-----
Conjurations   | 5 6 |  6.0
Spellcasting   | 3 |  3.4
Fighting       | |  0.5
Short Blades   | |  0.3
Dodging        | |  2.1
Stealth        | |  2.8

Action                   |  1- 3 |  4- 6 || total
-------------------------+-------+-------++-------
Melee: Dagger            |     3 |     3 ||     6
       Constrict         |     1 |       ||     1
 Cast: Magic Dart        |    77 |    61 ||   138
 Stab: Sleeping          |       |     2 ||     2
  Eat: Chunk             |     5 |     4 ||     9
Dodge: Dodged            |    15 |    31 ||    46
